Map: Royal Blood LE

Players

Hanter - Winner!

  • Race: Terran Terran
  • League: Platinum
  • Spawn Location: 7:00

Creideiki

  • Race: Zerg Zerg
  • League: Diamond
  • Spawn Location: 1:00

VOD

Have the link to the VOD?

Description

Got rushed at 2:30 with everything and managed to defend myself and eventually win the game.

Time

  • Played on: April 11, 2023, 6:59 p.m.
  • Length: 14:53
Show
View Real Time Build Order
Export as new Build Order

Hanter Terran - Winner!

Build Orders:  

Get SALT Encoding   

  12  0:00  SCV  
  13  0:13  SCV  
  14  0:18  Supply Depot  
  14  0:25  SCV  
  15  0:40  SCV  
  15  0:41  Barracks  
  16  0:45  Refinery  
  16  0:52  SCV  
  17  0:59  Refinery  
  17  1:04  SCV  
  18  1:17  SCV  
  19  1:29  SCV  
  20  1:35  Factory  
  20  1:41  Orbital Command, Barracks Tech Lab  
  20  1:59  Marine  
  21  2:07  SCV  
  22  2:10  Supply Depot  
  19  2:33  Supply Depot  
  19  2:34  Siege Tank  
  19  2:36  Barracks Tech Lab  
  22  2:44  SCV  
  23  2:53  Engineering Bay  
  23  3:05  SCV  
  24  3:18  SCV  
  25  3:22  Factory Tech Lab  
  24  3:30  SCV  
  24  3:32  Supply Depot  
  20  3:41  Siege Tank  
  20  3:42  SCV  
  23  3:52  Engineering Bay  
  23  3:54  SCV  
  21  4:06  SCV  
  18  4:18  SCV  
  19  4:30  SCV  
  20  5:07  Engineering Bay  
  20  5:09  SCV  
  21  5:16  Supply Depot  
  21  5:18  Factory Tech Lab  
  21  5:22  SCV  
  21  5:25  Engineering Bay  
  22  5:34  Supply Depot  
  22  5:43  Supply Depot  
  22  6:02  Siege Tank  
  25  6:33  Marine  
  26  6:42  Stimpack  
  26  6:51  Marine  
  27  6:58  Siege Tank  
  27  7:04  SCV  
  28  7:09  Marine  
  29  7:26  Marine  
  30  7:37  Barracks  
  30  7:44  Marine  
  30  7:48  Siege Tank  
  34  7:55  SCV  
  35  8:15  Marine  
  36  8:21  Combat Shield  
  36  8:31  SCV  
  36  8:33  Marine  
  38  8:38  Barracks Reactor  
  38  8:40  Barracks  
  38  8:43  SCV  
  34  8:50  Marine  
  35  8:57  SCV  
  36  9:05  Siege Tank  
  36  9:08  Marine  
  40  9:26  Marine  
  40  9:27  Barracks Reactor  
  40  9:30  Missile Turret  
  41  9:44  Marine  
  42  9:50  Missile Turret  
  42  9:57  Supply Depot  
  42  10:02  Marine, SCV  
  44  10:10  Missile Turret  
  44  10:20  Supply Depot  
  44  10:22  Terran Infantry Weapons Level 1  
  44  10:23  Terran Infantry Armor Level 1  
  44  10:33  Missile Turret  
  44  10:42  Supply Depot  
  44  10:56  Command Center, Missile Turret  
  44  10:59  SCV  
  44  11:04  Supply Depot  
  45  11:11  SCV  
  45  11:15  Missile Turret  
  46  11:19  Missile Turret x2  
  46  11:23  SCV  
  47  11:41  Siege Tank  
  47  11:42  Missile Turret  
  44  12:04  Missile Turret  
  44  12:05  Marine x5  
  45  12:22  Marine, Planetary Fortress  
  45  12:23  Marine x3  
  49  12:42  Armory  
  49  12:50  Siege Tank, Supply Depot  
  52  13:01  SCV  
  53  13:13  SCV  
  54  13:23  Siege Tank  
  57  13:49  Marine  
  57  13:50  Marine x3  
  57  13:55  Siege Tank  
  64  14:47  Missile Turret  
  64  14:49  Supply Depot  
  64  14:52  Supply Depot  
Show
View Real Time Build Order
Export as new Build Order

Creideiki Zerg 

Build Orders: Pool First 

Get SALT Encoding   

  12  0:00  Drone  
  13  0:27  Drone, Spawning Pool  
  13  0:30  Drone  
  14  0:56  Hatchery  
  13  1:03  Overlord  
  13  1:09  Drone  
  14  1:22  Zergling x4  
  16  2:08  Queen  
  16  2:13  Spine Crawler  
  16  2:14  Spine Crawler  
  16  2:16  Spine Crawler  
  16  2:17  Spine Crawler  
  13  2:30  Zergling x8  
  13  2:33  Zergling x2  
  13  2:36  Zergling x2  
  18  2:57  Zergling x2  
  18  2:58  Zergling x6  
  22  3:07  Zergling x4  
  13  3:45  Zergling x12  
  17  4:04  Zergling x4  
  18  4:16  Zergling x4  
  17  4:24  Drone  
  17  4:25  Drone  
  19  4:31  Drone  
  19  4:32  Drone  
  21  4:56  Hatchery  
  21  4:57  Drone  
  21  4:59  Drone  
  22  5:04  Drone  
  23  5:09  Drone  
  23  5:13  Drone  
  25  5:18  Drone  
  26  5:26  Drone x2  
  28  5:33  Overlord  
  28  5:43  Overlord  
  28  5:58  Drone x4  
  32  6:14  Extractor  
  32  6:17  Drone x4  
  35  6:18  Overlord  
  35  6:23  Extractor  
  34  6:27  Drone x2  
  34  6:31  Queen  
  38  6:37  Queen  
  39  6:58  Drone x6  
  39  6:59  Drone x2  
  45  7:15  Evolution Chamber  
  44  7:16  Hatchery  
  44  7:18  Evolution Chamber  
  42  7:25  Roach Warren  
  42  7:29  Drone x5  
  47  7:30  Drone  
  47  7:33  Extractor  
  47  7:36  Extractor  
  45  7:49  Drone  
  45  7:50  Drone x7  
  53  8:05  Queen  
  55  8:20  Metabolic Boost  
  55  8:22  Zerg Ground Armor Level 1  
  55  8:23  Zerg Missile Weapons Level 1  
  55  8:29  Roach x3  
  61  8:53  Overlord x2  
  61  8:54  Overlord x3  
  61  9:08  Lair  
  61  9:15  Spore Crawler  
  60  9:19  Spine Crawler  
  59  9:25  Spore Crawler  
  59  9:30  Spine Crawler  
  57  9:32  Roach x5  
  57  9:33  Roach x8  
  83  9:56  Burrow  
  83  10:01  Roach x6  
  83  10:02  Roach  
  97  10:10  Overlord x4  
  97  10:11  Overlord  
  97  10:14  Tunneling Claws  
  97  10:37  Roach x7  
  111  10:42  Overseer  
  111  10:53  Roach x4  
  119  11:10  Overseer  
  119  11:16  Ravager x3  
  119  11:17  Ravager x5  
  127  11:20  Roach  
  127  11:21  Roach x2  
  127  11:22  Roach  
  132  12:11  Overseer  
  117  12:18  Roach  
  117  12:19  Roach x8  
  117  12:21  Roach x30  
  129  12:44  Overlord x7  
  129  12:45  Overlord  
  129  12:55  Infestation Pit  
  129  12:58  Spire  
  127  13:06  Roach  
  127  13:07  Roach x6  
  127  13:11  Ravager x4  
  127  13:12  Ravager x2  
  147  13:15  Hatchery  
  146  13:50  Overseer x2  
  146  13:51  Overseer  
  146  13:54  Roach x8  
  146  13:55  Roach x6  
  174  14:06  Roach x5  
  184  14:17  Roach x50  
Tags
 
Add a new tag
Caveats
  • Supply blocks, unpowered buildings, or Contaminate may cause inaccurate times.
  • Supply counts are checked every 10 seconds.